 Dungeon Crawl Stone Soup version 0.19.0-2-gae57169 (webtiles) character file.

4449 Querens the Reanimator (level 10, -2/78 HPs)
             Began as a Deep Dwarf Necromancer on Nov 3, 2016.
             Was a Follower of Makhleb.
             Killed from afar by Drunkenshrew's ghost (29 damage)
             ... with a bolt of negative energy
             ... on level 7 of the Dungeon.
             The game lasted 00:52:43 (4691 turns).

Querens the Reanimator (Deep Dwarf Necromancer)     Turns: 4691, Time: 00:52:44

Health: -2/78      AC: 18    Str: 14    XL:     10   Next: 15%
Magic:  12/12      EV:  9    Int: 22    God:    Makhleb [*.....]
Gold:   530        SH:  0    Dex: 13    Spells: 2 memorised, 8 levels left

rFire  . . .     SeeInvis .     w - +0 war axe (freeze)
rCold  . . .     Gourm    .     A - +3 scale mail {MR+}
rNeg   . . .     Faith    .     (no shield)
rPois  .         Spirit   .     z - +0 helmet
rElec  .         Reflect  .     k - +0 cloak
rCorr  .         Harm     .     (no gloves)
MR     ++...                    Q - +0 pair of boots
Stlth  ..........               (no amulet)
                                e - +5 ring of protection
                                r - +5 ring of intelligence

@: non-regenerating, very heavily drained
A: damage resistance, recharge devices, frail 1, sense surroundings 2, slow
regeneration 3
a: Device Recharging, Renounce Religion


You were on level 7 of the Dungeon.
You worshipped Makhleb.
Makhleb was aware of your devotion.
You were not hungry.

You visited 2 branches of the dungeon, and saw 8 of its levels.

You collected 530 gold pieces.

Inventory:

Hand Weapons
 w - a +0 war axe of freezing (weapon)
Missiles
 C - 3 tomahawks (quivered)
Armour
 k - a +0 cloak (worn)
 z - a +0 helmet (worn)
 A - a +3 scale mail of magic resistance (worn)
 Q - a +0 pair of boots (worn)
Jewellery
 a - an uncursed ring of fire
 e - a +5 ring of protection (right hand)
 g - an uncursed ring of protection from magic
 m - an uncursed ring of ice
 r - a +5 ring of intelligence (left hand)
 I - a +1 ring of evasion
Wands
 c - a wand of heal wounds (3/9)
 v - a wand of flame (0/48)
 E - a wand of flame (27/48)
 J - a wand of polymorph (18/24)
 V - a wand of disintegration (7/24)
Scrolls
 f - 2 scrolls of blinking {unknown}
 p - 6 scrolls of remove curse
 q - 3 scrolls of random uselessness {unknown}
 s - a scroll of magic mapping {unknown}
 t - 2 scrolls of fear {unknown}
 u - 3 scrolls of noise {unknown}
 x - a scroll of amnesia {unknown}
 B - 4 scrolls of teleportation {unknown}
 D - a scroll of enchant weapon {unknown}
 F - a scroll of immolation {unknown}
 K - 3 scrolls of enchant armour {unknown}
 R - a scroll of acquirement {unknown}
 S - a scroll of recharging {unknown}
 W - a scroll of silence {unknown}
Potions
 h - 2 potions of curing
 i - 2 potions of might
 j - a potion of experience
 n - 3 potions of agility
 o - a potion of haste
 G - 3 potions of brilliance
 H - a potion of mutation {unknown}
 L - a potion of cure mutation {unknown}
 M - a potion of heal wounds {unknown}
 N - 2 potions of invisibility
 O - 2 potions of degeneration {unknown}
 P - 5 potions of flight
 T - 2 potions of lignification
 U - a potion of cancellation {unknown}
Books
 b - a book of Necromancy

   Spells                             Type                      Level
   a - Pain                           Necromancy                   1
   b - Animate Skeleton               Necromancy                   1
   c - Vampiric Draining              Necromancy                   3
   d - Regeneration                   Charms/Necromancy            3
   e - Animate Dead                   Necromancy                   4
   f - Control Undead                 Necromancy                   4
 y - a book of Maledictions

   Spells                             Type                      Level
   a - Corona                         Hexes                        1
   b - Ensorcelled Hibernation        Hexes/Ice                    2
   c - Confuse                        Hexes                        3
   d - Tukima's Dance                 Hexes                        3
   e - Dazzling Spray                 Conjuration/Hexes            3
Comestibles
 d - 4 bread rations
 l - 3 meat rations
 X - a chunk of flesh


   Skills:
 + Level 4.5(0.8) Fighting
 * Level 7.5(3.4) Axes
 * Level 7.9(3.8) Armour
 - Level 2.1(0.0) Dodging
 - Level 2.4(0.0) Stealth
 - Level 1.7(0.0) Spellcasting
 * Level 10.0(5.7) Necromancy
 + Level 6.1(2.2) Evocations


You had 8 spell levels left.
You knew the following spells:

 Your Spells              Type           Power        Failure   Level  Hunger
a - Pain                  Necr           ####         10%         1    ##.....
b - Vampiric Draining     Necr           ####......   21%         3    ####...


Dungeon Overview and Level Annotations

Branches:
Dungeon (7/15)             Temple (1/1) D:5

Altars:
Ashenzari
Cheibriados
Dithmenos
Fedhas
Hepliaklqana
Kikubaaqudgha
Makhleb
Qazlal
Ru
Sif Muna
Trog
Vehumet
Xom
Yredelemnul
Zin
The Shining One

Shops:
D:6 :

Annotations:
D:6 1 runed door
D:7 Drunkenshrew's ghost, novice DrMo


Innate Abilities, Weirdness & Mutations

You are resistant to damage.
You can recharge devices by infusing magical energy.
You passively map the area around you.
You do not regenerate.
You are frail. (-10% HP)


Message History

You are too injured to fight recklessly!
You hit Drunkenshrew's ghost but do no damage.
Drunkenshrew's ghost is lightly damaged.
Drunkenshrew's ghost hits you.
Drunkenshrew's ghost hits you but does no damage.
You hit Drunkenshrew's ghost. You freeze Drunkenshrew's ghost.
Drunkenshrew's ghost is moderately damaged.
Drunkenshrew's ghost breathes negative energy at you.
The bolt of negative energy hits you!
You feel drained.
* * * LOW HITPOINT WARNING * * *
Evoke which item? (* to show all) (? for menu, Esc to quit)
Zapping:
c - a wand of heal wounds (4/9)
Press: ? - help, Shift-Dir - straight line, f - you, p - Drunkenshrew's ghost You feel much better.
This wand has 3 charges left.
Drunkenshrew's ghost hits you but does no damage.
You hit Drunkenshrew's ghost but do no damage.
Drunkenshrew's ghost is moderately damaged.
Drunkenshrew's ghost breathes negative energy at you.
The bolt of negative energy hits you!
You feel drained.
You die...

### #.#
#######.#######
#.............#######
,.....##.#####.......#
,.....##.#####.......#
,,
.......>...W@.......#
,
.....##....##..######
...., #....##..# * ...
#.#####..# ,.. #.#
#..## * .* *#!# #...#
,.. #.# #.#.## * ..#
#.# #.#..############
* .h ,
#...............#


You could see Drunkenshrew's ghost.

Vanquished Creatures
  Pikel (D:7)
  The ghost of nikitadem the Basher, a novice MiBe of Trog (D:5)
  Grinder (D:5)
  Eustachio (D:6)
  4 yaks (D:6)
  A water moccasin (D:5)
  An orc warrior (D:5)
  A phantom (D:7)
  4 sky beasts
  A black bear (D:6)
  4 slaves (D:7)
  The ghost of heintsi the Ruffian, an amateur DrTm (D:3)
  An ogre (D:5)
  4 centaurs (D:5)
  A bullfrog (D:5)
  A wyvern zombie (D:6)
  2 scorpions
  5 wights (D:7)
  2 crimson imps
  5 hounds
  4 orc priests
  Crazy Yiuf (D:7)
  A bullfrog skeleton (D:4)
  2 jellies (D:5)
  6 orc wizards
  6 worker ants
  An iguana (D:7)
  Terence (D:3)
  A killer bee zombie (D:6)
  A worker ant zombie (D:6)
  2 howler monkey skeletons
  12 adders
  A shadow imp (D:5)
  2 oozes
  2 worms (D:2)
  2 dart slugs
  7 leopard geckos
  16 orcs
  5 bats
  4 giant cockroaches
  7 goblins
  6 hobgoblins
  7 jackals
  11 kobolds
  3 quokkas
  2 frilled lizards
  A jackal skeleton (D:5)
  A leopard gecko skeleton (D:7)
  10 rats
167 creatures vanquished.

Notes
Turn   | Place    | Note
-------+----------+-------------------------------------------
     0 | D:1      | Querens the Deep Dwarf Necromancer began the quest for the Orb.
     0 | D:1      | Reached XP level 1. HP: 15/15 MP: 3/3
   140 | D:1      | Reached XP level 2. HP: 20/22 MP: 0/4
   161 | D:1      | Reached skill level 5 in Necromancy
   749 | D:2      | Reached XP level 3. HP: 21/28 MP: 5/5
   754 | D:2      | Learned a level 3 spell: Vampiric Draining
  1144 | D:2      | Reached skill level 1 in Armour
  1144 | D:2      | Reached XP level 4. HP: 32/37 MP: 2/6
  1403 | D:3      | Noticed Terence
  1409 | D:3      | Killed Terence
  1409 | D:3      | Reached skill level 1 in Axes
  1535 | D:3      | Noticed heintsi's ghost (amateur DrTm)
  1579 | D:3      | Killed heintsi's ghost
  1579 | D:3      | Reached skill level 1 in Fighting
  1579 | D:3      | Reached skill level 6 in Necromancy
  1579 | D:3      | Reached skill level 1 in Evocations
  1579 | D:3      | Reached XP level 5. HP: 17/44 MP: 7/7
  1686 | D:3      | Reached XP level 6. HP: 36/51 MP: 2/8
  2376 | D:4      | Reached XP level 7. HP: 27/60 MP: 0/9
  2431 | D:4      | Reached skill level 7 in Necromancy
  2511 | D:5      | Entered Level 5 of the Dungeon
  2739 | D:5      | Noticed nikitadem's ghost (novice MiBe)
  2830 | D:5      | Reached XP level 8. HP: 55/68 MP: 1/10
  2907 | D:5      | Reached skill level 5 in Armour
  2914 | D:5      | Reached skill level 8 in Necromancy
  3086 | D:5      | Killed nikitadem's ghost
  3086 | D:5      | Reached skill level 5 in Axes
  3183 | D:5      | Found a staircase to the Ecumenical Temple.
  3195 | Temple   | Entered the Ecumenical Temple
  3284 | Temple   | Became a worshipper of Makhleb the Destroyer
  3457 | D:6      | Noticed Grinder
  3492 | D:5      | Killed Grinder
  3492 | D:5      | Gained mutation: You passively map the area around you. [Deep Dwarf growth]
  3492 | D:5      | Reached XP level 9. HP: 17/76 MP: 5/11
  3614 | D:6      | Reached skill level 5 in Evocations
  3634 | D:6      | Reached skill level 9 in Necromancy
  3697 | D:6      | Found a runed door.
  3698 | D:6      | Found a glowing golden altar of the Shining One.
  3698 | D:6      | Noticed an angel
  3724 | D:6      | Gained mutation: You are frail. (-10% HP) [mutagenic meat]
  3841 | D:6      | Reached * piety under Makhleb
  3854 | D:6      | Found Erey's Book Shop.
  4016 | D:6      | Noticed Eustachio
  4050 | D:6      | Killed Eustachio
  4237 | D:7      | Noticed Pikel
  4245 | D:7      | Killed Pikel
  4257 | D:7      | Found a runed door.
  4261 | D:7      | Noticed Crazy Yiuf
  4270 | D:7      | Killed Crazy Yiuf
  4315 | D:7      | Reached XP level 10. HP: 68/78 MP: 3/13
  4553 | D:7      | Reached skill level 10 in Necromancy
  4673 | D:7      | Noticed Drunkenshrew's ghost (novice DrMo)
  4689 | D:7      | HP: 1/78 [Drunkenshrew's ghost/bolt of negative energy (16)]
  4691 | D:7      | Killed from afar by Drunkenshrew's ghost

Skill      XL: |  1  2  3  4  5  6  7  8  9 10 |
---------------+-------------------------------+-----
Necromancy     | 5 6 7 8 9 10 | 10.0
Armour         | 1 2 3 4 6 7 |  7.9
Axes           | 1 2 4 5 7 |  7.5
Fighting       | 1 2 3 4 |  4.5
Evocations     | 1 2 3 4 6 |  6.1
Dodging        | |  2.1
Stealth        | |  2.4
Spellcasting   | |  1.7

Action                   |  1- 3 |  4- 6 |  7- 9 | 10-12 || total
-------------------------+-------+-------+-------+-------++-------
Melee: Unarmed           |    15 |       |       |       ||    15
       Hand axe          |    70 |       |       |       ||    70
       War axe           |     9 |   191 |   367 |   146 ||   713
 Cast: Pain              |    32 |       |       |       ||    32
       Vampiric Draining |     6 |    22 |    60 |     8 ||    96
 Abil: Device Recharging |       |       |     1 |     1 ||     2
Evoke: Wand              |       |     2 |     9 |     7 ||    18
  Use: Scroll            |       |     1 |     7 |     2 ||    10
 Stab: Sleeping          |     3 |       |       |       ||     3
  Eat: Chunk             |     2 |     8 |    15 |     1 ||    26
       Pizza             |       |       |       |     2 ||     2
Armor: Robe              |    14 |       |       |       ||    14
       Leather armour    |    27 |    17 |       |       ||    44
       Scale mail        |       |   127 |   246 |   117 ||   490
Dodge: Dodged            |    66 |    94 |   208 |    73 ||   441
